 Dungeon Crawl Stone Soup version 0.22-a0-525-gf69a080 (webtiles) character file.

158 Darkshadow the Vandal (level 5, 0/35 HPs)
             Began as a Halfling Hunter on June 21, 2018.
             Slain by Sigmund
             ... wielding a +2 scythe of protection
              (7 damage)
             ... on level 2 of the Dungeon.
             The game lasted 00:19:02 (2597 turns).

Darkshadow the Vandal (Halfling Hunter)             Turns: 2597, Time: 00:19:02

Health: 0/35       AC:  4    Str: 13    XL:     5   Next: 67%
Magic:  5/5        EV: 15    Int:  9    God:
Gold:   108        SH:  0    Dex: 16    Spells: 4/4 levels left

rFire    . . .     SeeInvis .   b - +0 short sword
rCold    . . .     Gourm    .   (shield restricted)
rNeg     . . .     Faith    .   c - +0 leather armour
rPois    .         Spirit   .   (no helmet)
rElec    .         Reflect  .   o - +0 cloak
rCorr    .         Harm     .   (no gloves)
MR       .....                  (no boots)
Stlth    ++........             (no amulet)
HPRegen  0.11/turn              (no ring)
MPRegen  0.09/turn              (no ring)

@: no status effects
A: small, mutation resistance 1
a: no special abilities


You were on level 2 of the Dungeon.
You were not hungry.

You visited 1 branch of the dungeon, and saw 3 of its levels.

You collected 108 gold pieces.

Inventory:

Hand Weapons
 a - a +1 hunting sling
 b - a +0 short sword (weapon)
 l - a +0 short sword
Missiles
 d - 6 sling bullets
 h - 24 stones (quivered)
Armour
 c - a +0 leather armour (worn)
 o - a +0 cloak (worn)
Scrolls
 g - a scroll of identify {@r1}
 j - a scroll of fog {unknown}
 m - a scroll of remove curse {@r2}
 n - a scroll of enchant armour {unknown}
Potions
 e - a potion of brilliance {unknown}
 i - a potion of haste
 k - a potion of mutation {unknown}
Comestibles
 f - 7 rations


   Skills:
 + Level 2.5 Fighting
 + Level 1.7 Short Blades
 * Level 7.3 Slings
 + Level 3.1 Dodging
 + Level 2.6 Stealth


You had 4 spell levels left.
You didn't know any spells.
Your spell library was empty.

Dungeon Overview and Level Annotations

Branches:
Dungeon (3/15)

Altars:
Qazlal
Ru

Annotations:
D:2 Sigmund


Innate Abilities, Weirdness & Mutations

You are small and have problems with some larger weapons.
You are somewhat resistant to further mutation.


Message History

Something tries to affect you, but you resist.
You closely miss something.
You hear some strange, mumbled words.
A puff of flame appears from out of thin air!
The puff of flame misses you.
You hit something but do no damage. Something hits you!
You hit something but do no damage.
You hear some strange, mumbled words.
You are confused.
You're too confused to attack without stumbling around!
You bump into the rock wall.
Something hits you!
You bump into the rock wall.
Something hits you.
* * * LOW HITPOINT WARNING * * *
You bump into the rock wall.
You bump into the rock wall.
Something hits you.
* * * LOW HITPOINT WARNING * * *
You miss something.
You feel less confused. Something hits you!
You die...

..........[....##..###
####(.......##....#
########.#####..##...@.
#...............##.$#.#
##.######.#####..##..#.#
........<............#.#
........................
##.######.#..........#.#
#....$@{....(.........#
########.#####.###..#.
##.### #.# ..#
#..#.###.# #..#.....###
#...........
#..#.##.....
#..#........
#..#.##.....


There were no monsters in sight!

Vanquished Creatures
  An orc wizard (D:3)
  7 adders
  A worm (D:2)
  5 dart slugs
  3 leopard geckos
  4 orcs (D:3)
  A ball python (D:1)
  2 giant cockroaches (D:2)
  6 goblins
  A hobgoblin (D:1)
  2 jackals (D:1)
  4 kobolds
  A quokka (D:2)
  11 bats
  3 frilled lizards
  3 rats
55 creatures vanquished.

Notes
Turn   | Place    | Note
-------+----------+-------------------------------------------
     0 | D:1      | Darkshadow the Halfling Hunter began the quest for the Orb.
     0 | D:1      | Reached XP level 1. HP: 14/14 MP: 1/1
   113 | D:1      | Reached skill level 6 in Slings
   182 | D:1      | Reached XP level 2. HP: 19/19 MP: 2/2
   302 | D:1      | Reached XP level 3. HP: 19/24 MP: 3/3
   987 | D:2      | Reached XP level 4. HP: 24/29 MP: 4/4
  1286 | D:2      | Found a stormy altar of Qazlal.
  1307 | D:2      | Found a sacrificial altar of Ru.
  1364 | D:2      | Reached skill level 1 in Short Blades
  1587 | D:2      | Noticed Sigmund
  1670 | D:3      | Reached skill level 7 in Slings
  1670 | D:3      | Reached XP level 5. HP: 10/35 MP: 5/5
  2597 | D:2      | Slain by Sigmund

Vault maps used:
D:1:      dpeg_arrival_erosion
D:2:      lemuel_crystal_altar, first_ration,
          nicolae_ru_great_annihilating_truth, uniq_sigmund
D:3:      cheibrodos_helix_gallery

Skill      XL: |  1  2  3  4  5 |
---------------+----------------+-----
Slings         | 6 7 |  7.3
Fighting       | 2 |  2.5
Stealth        | 2 |  2.6
Short Blades   | 1 |  1.7
Dodging        | 3 |  3.1

Action                   |  1- 3 |  4- 6 || total
-------------------------+-------+-------++-------
Melee: Short sword       |    42 |   132 ||   174
 Fire: Hunting sling     |    42 |    46 ||    88
Throw: Stone             |    30 |    26 ||    56
  Use: Scroll            |     3 |     3 ||     6
       Potion            |       |     2 ||     2
 Stab: Invisible         |       |     1 ||     1
  Eat: Chunk             |       |     5 ||     5
Armor: Leather armour    |     8 |    50 ||    58
Dodge: Dodged            |    34 |   179 ||   213

Table legend:
 A = Spawn XP
 B = Non-spawn XP
 C = Spawn XP percentage of total XP
 D = Spawn monster count
 E = Non-spawn monster count
 F = Spawn count percentage of total count
 G = Total turns spent on level
                    A         B        C        D         E        F      G
               +---------+---------+-------+---------+---------+-------+---------
         Total |       0 |     227 |   0.0 |       0 |      55 |   0.0 |  2597
               +---------+---------+-------+---------+---------+-------+---------
           D:1 |       0 |      50 |   0.0 |       0 |      19 |   0.0 |   774
           D:2 |       0 |      85 |   0.0 |       0 |      22 |   0.0 |  1084
           D:3 |       0 |      92 |   0.0 |       0 |      14 |   0.0 |   739
               +---------+---------+-------+---------+---------+-------+---------
